 Dungeon Crawl Stone Soup version 0.20.1-1-g8b1a95d (webtiles) character file.

5866 Melbolja the Whirler (level 11, -3/77 HPs)
             Began as a Halfling Hunter on Oct 1, 2017.
             Was a Priest of Cheibriados.
             Slain by a death yak (22 damage)
             ... on level 10 of the Dungeon.
             The game lasted 01:06:21 (8349 turns).

Melbolja the Whirler (Halfling Hunter)              Turns: 8349, Time: 01:06:22

Health: -3/77      AC: 11    Str: 24      XL:     11   Next: 8%
Magic:  11/11      EV: 17    Int: 20      God:    Cheibriados [***...]
Gold:   226        SH:  7    Dex: 31 (32) Spells: 10/10 levels left

rFire    + . .     SeeInvis +   r - +6 dagger of False Accusations {vamp, +Blink rN+ MR+ Dex+2}
rCold    + . .     Gourm    .   n - +0 buckler
rNeg     + . .     Faith    .   W - +5 ring mail "Qoopnigh" {+Blink Str+4 Int+2 Dex+4}
rPois    .         Spirit   .   (no helmet)
rElec    .         Reflect  .   U - scarf {rC+ rF+}
rCorr    .         Harm     +   (no gloves)
MR       +....                  (no boots)
Stlth    +++.......             o - amulet of harm
Regen    0.3/turn               B - ring of see invisible
MPRegen  0.2/turn               H - +2 ring of intelligence

@: very slow
A: talons 1, deterioration 1, mutation resistance 1
a: Bend Time, Temporal Distortion, Renounce Religion, Evoke Blink


You were on level 10 of the Dungeon.
You worshipped Cheibriados.
Cheibriados was most pleased with you.
You were not hungry.

You visited 2 branches of the dungeon, and saw 11 of its levels.

You collected 464 gold pieces.
You spent 238 gold pieces at shops.

Inventory:

Hand Weapons
 a - a +6 hunting sling
 b - a +0 short sword
 r - the +6 dagger of False Accusations (weapon) {vamp, +Blink rN+ MR+ Dex+2}
   (You bought it in a shop on level 10 of the Dungeon)

   It inflicts no extra harm, but heals its wielder when it wounds a living foe.
   It affects your dexterity (+2).
   It protects you from negative energy.
   It affects your resistance to hostile enchantments.
   It lets you blink.
 X - a +0 shortbow
Missiles
 d - 32 sling bullets
 i - 334 stones (quivered)
 m - 29 poisoned needles
 q - 114 arrows
 J - 6 tomahawks
 P - 2 tomahawks of returning
Armour
 c - +0 steam dragon scales
 n - a +0 buckler (worn)
 U - a scarf of resistance (worn)
 W - the +5 ring mail "Qoopnigh" (worn) {+Blink Str+4 Int+2 Dex+4}
   (You found it on level 8 of the Dungeon)

   It affects your strength (+4).
   It affects your intelligence (+2).
   It affects your dexterity (+4).
   It lets you blink.
 Z - the +1 ring mail of the Pit {-Tele SInv Stlth+}
   (You found it on level 8 of the Dungeon)

   It lets you see invisible.
   It prevents most forms of teleportation.
   It makes you more stealthy.
Jewellery
 g - an uncursed amulet of magic regeneration
 o - an amulet of harm (around neck)
 t - an uncursed ring of ice
 B - a ring of see invisible (left hand)
 H - a +2 ring of intelligence (right hand)
 N - an uncursed ring of fire
Wands
 y - a wand of flame (18/48)
 z - a wand of lightning (14/15)
 C - a wand of disintegration (8/24)
 I - a wand of flame (14/48)
 T - a wand of lightning (7/15)
 V - a wand of confusion (30/48)
Scrolls
 k - 7 scrolls of remove curse
 u - a scroll of identify
 v - a scroll of magic mapping
 S - 4 scrolls of amnesia
Potions
 e - 4 potions of might
 j - 3 potions of flight
 l - 5 potions of curing
 p - a potion of berserk rage
 s - a potion of brilliance
 Y - 4 potions of lignification
Books
 x - a book of Conjurations

   Spells                             Type                      Level
   a - Magic Dart                     Conjuration                  1
   b - Searing Ray                    Conjuration                  2
   c - Dazzling Spray                 Conjuration/Hexes            3
   d - Fulminant Prism                Conjuration/Hexes            4
   e - Force Lance                    Conjuration/Translocation    4
   f - Iskenderun's Mystic Blast      Conjuration                  4
 E - a book of Maledictions

   Spells                             Type                      Level
   a - Corona                         Hexes                        1
   b - Ensorcelled Hibernation        Hexes/Ice                    2
   c - Confuse                        Hexes                        3
   d - Tukima's Dance                 Hexes                        3
   e - Dazzling Spray                 Conjuration/Hexes            3
 Q - the Handbook of Glacial Enchantment
   (You found it on level 7 of the Dungeon)

   Spells                             Type                      Level
   a - Tukima's Dance                 Hexes                        3
   b - Portal Projectile              Hexes/Translocation          3
   c - Throw Icicle                   Conjuration/Ice              4
   d - Leda's Liquefaction            Hexes/Earth                  4
   e - Simulacrum                     Ice/Necromancy               6
Comestibles
 f - 7 bread rations
 h - 12 fruits
 w - 4 royal jellies
 D - 2 meat rations


   Skills:
 + Level 8.2 Fighting
 + Level 15.4 Slings
 + Level 1.1(7.4) Throwing
 + Level 6.2 Armour
 + Level 4.3 Dodging
 + Level 2.9 Stealth
 * Level 1.6 Shields
 + Level 1.2 Evocations


You had 10 spell levels left.
You didn't know any spells.

Dungeon Overview and Level Annotations

Branches:
Dungeon (10/15)            Temple (1/1) D:6            Lair (0/6) D:10
    Orc: D:9-12

Altars:
Cheibriados
Dithmenos
Elyvilon
Fedhas
Hepliaklqana
Nemelex Xobeh
Ru
Sif Muna
Trog
Vehumet
Xom
The Shining One

Shops:
D:10 (


Innate Abilities, Weirdness & Mutations

You are small and have problems with some larger weapons.
You are somewhat resistant to further mutation.
You have sharp toenails.
Your body sometimes deteriorates upon taking damage.


Message History

* * * LOW HITPOINT WARNING * * *
Your body deteriorates!
You feel clumsy.
You blink.
You feel slightly more hungry.
The adder hisses angrily.
Found a flail.
The adder completely misses you. The adder closely misses you.
The adder bites you but does no damage. You block the adder's attack.
The adder closely misses you.
The death yak snorts and paws the ground.
The adder bites you but does no damage. You block the death yak's attack.
The adder bites you.
* * * LOW HITPOINT WARNING * * *
The death yak gores you.
* * * LOW HITPOINT WARNING * * *
The adder closely misses you.
Found 18 stones and 12 sling bullets.
You closely miss the adder. Your kick misses the adder.
The death yak misses you. The death yak gores you!!
You die...

. ### #.(......#
##........##
#..........##
#...........#
#...........## ####
#............# #...
####...).......#
#...
.......@S......##
##...
(......YYY......#
#....
#####....Y......#
#.(.. ##..........#
##(...
##........####(....
###..#..###.(.....
#####.#....#...#
...### #.....######
.......## ##.(###


You could see 4 death yaks and an adder.

Vanquished Creatures
  A two-headed ogre (D:8)
  Prince Ribbit (D:5)
  4 hippogriffs
  A spriggan (D:7)
  2 steam dragons (D:8)
  Duvessa (D:6)
  2 ice beasts
  A phantom (D:9)
  2 orc warriors (D:8)
  2 black bears
  2 sky beasts
  5 ogres
  A centaur (D:8)
  8 bullfrogs
  5 scorpions
  Dowan (D:6)
  4 wights (D:10)
  A howler monkey (D:9)
  4 crimson imps
  A bullfrog zombie (D:5)
  A centaur zombie (D:7)
  5 hounds
  4 centaur skeletons
  3 orc priests
  2 orc wizards
  A bullfrog skeleton (D:4)
  Ijyb (D:4)
  4 iguanas
  3 worker ants
  A killer bee zombie (D:7)
  Robin (D:3)
  A howler monkey skeleton (D:6)
  3 gnolls (D:8)
  A worker ant zombie (D:8)
  15 adders
  4 shadow imps
  2 oozes
  An adder zombie (D:6)
  2 adder skeletons
  3 worms
  8 leopard geckos
  23 orcs
  9 giant cockroaches
  19 goblins
  12 hobgoblins
  10 jackals
  2 quokkas
  7 bats
  4 frilled lizards
  9 kobolds
  4 rats
214 creatures vanquished.

Notes
Turn   | Place    | Note
-------+----------+-------------------------------------------
     0 | D:1      | Melbolja the Halfling Hunter began the quest for the Orb.
     0 | D:1      | Reached XP level 1. HP: 14/14 MP: 1/1
   124 | D:1      | Reached skill level 6 in Slings
   183 | D:1      | Reached XP level 2. HP: 19/19 MP: 2/2
   546 | D:2      | Reached XP level 3. HP: 12/24 MP: 3/3
   825 | D:2      | Reached skill level 7 in Slings
  1158 | D:2      | Reached XP level 4. HP: 29/29 MP: 4/4
  1718 | D:3      | Reached skill level 1 in Armour
  1788 | D:3      | Reached XP level 5. HP: 33/34 MP: 5/5
  1830 | D:3      | Reached skill level 8 in Slings
  1888 | D:3      | Found a sparkling altar of Nemelex Xobeh.
  2237 | D:3      | Noticed Robin
  2266 | D:3      | Killed Robin
  2404 | D:3      | Reached XP level 6. HP: 36/42 MP: 6/6
  2530 | D:4      | Noticed an ogre
  2544 | D:4      | Killed an ogre
  2544 | D:4      | Reached skill level 9 in Slings
  2565 | D:4      | Found a radiant altar of Vehumet.
  2565 | D:4      | Found a hazy altar of Hepliaklqana.
  2589 | D:4      | Reached XP level 7. HP: 40/46 MP: 7/7
  2591 | D:4      | Found a sacrificial altar of Ru.
  2591 | D:4      | Found a white marble altar of Elyvilon.
  2931 | D:4      | Reached skill level 10 in Slings
  3144 | D:4      | Reached skill level 1 in Throwing
  3357 | D:5      | Entered Level 5 of the Dungeon
  3357 | D:5      | Noticed Ijyb
  3368 | D:4      | Killed Ijyb
  3706 | D:5      | Found a shadowy altar of Dithmenos.
  3846 | D:5      | Noticed Prince Ribbit
  3859 | D:5      | Killed Prince Ribbit
  3859 | D:5      | Reached XP level 8. HP: 23/54 MP: 8/8
  4239 | D:5      | Found a bloodstained altar of Trog.
  4244 | D:5      | Reached skill level 11 in Slings
  4806 | D:6      | Found a staircase to the Ecumenical Temple.
  4815 | Temple   | Entered the Ecumenical Temple
  4876 | Temple   | Became a worshipper of Cheibriados the Contemplative
  4974 | D:6      | Reached skill level 12 in Slings
  5130 | D:6      | Reached XP level 9. HP: 58/60 MP: 9/9
  5151 | D:6      | Reached skill level 5 in Fighting
  5183 | D:6      | Noticed Dowan
  5184 | D:6      | Noticed Duvessa
  5185 | D:6      | Killed Dowan
  5207 | D:6      | Killed Duvessa
  5563 | D:6      | Reached skill level 13 in Slings
  5839 | D:7      | Noticed a hippogriff
  5848 | D:7      | Killed a hippogriff
  5855 | D:7      | Reached * piety under Cheibriados
  5925 | D:7      | Identified the Handbook of Glacial Enchantment
  6309 | D:8      | Noticed a hippogriff
  6310 | D:8      | Reached skill level 1 in Evocations
  6325 | D:8      | Killed a hippogriff
  6325 | D:8      | Reached skill level 5 in Armour
  6325 | D:8      | Reached XP level 10. HP: 50/69 MP: 10/10
  6340 | D:8      | Got a bloodstained ring mail
  6351 | D:8      | Identified the +5 ring mail "Qoopnigh" {+Blink Str+4 Int+2 Dex+4} (You found it on level 8 of the Dungeon)
  6382 | D:8      | Reached ** piety under Cheibriados
  6465 | D:8      | Reached skill level 14 in Slings
  6485 | D:8      | Got an ancient ring mail
  6496 | D:8      | Identified the +1 ring mail of the Pit {-Tele SInv Stlth+} (You found it on level 8 of the Dungeon)
  6770 | D:8      | Noticed a two-headed ogre
  6790 | D:8      | Killed a two-headed ogre
  7025 | D:8      | Reached skill level 15 in Slings
  7344 | D:9      | Reached *** piety under Cheibriados
  7485 | D:9      | Found a shimmering altar of Xom.
  7833 | D:10     | Entered Level 10 of the Dungeon
  7881 | D:10     | Reached skill level 1 in Shields
  7935 | D:10     | Noticed a death yak
  7935 | D:10     | Noticed a death yak
  7939 | D:10     | Noticed a death yak
  7939 | D:10     | Reached XP level 11. HP: 77/77 MP: 11/11
  7940 | D:10     | Noticed a death yak
  8269 | D:10     | Gained mutation: Your body sometimes deteriorates upon taking damage. [potion of mutation]
  8269 | D:10     | Gained mutation: You have sharp toenails. [potion of mutation]
  8288 | D:10     | Found Aguzer's Antique Weapon Emporium.
  8297 | D:10     | Bought a warped dagger for 238 gold pieces
  8298 | D:10     | Identified the +6 dagger of False Accusations {vamp, +Blink rN+ MR+ Dex+2} (You bought it in a shop on level 10 of the Dungeon)
  8299 | D:10     | Found a staircase to the Lair.
  8349 | D:10     | Slain by a death yak

Skill      XL: |  1  2  3  4  5  6  7  8  9 10 |
---------------+-------------------------------+-----
Slings         | 6 7 8 9 10 12 13 15 | 15.4
Fighting       | 2 3 4 6 8 |  8.2
Armour         | 1 2 3 5 6 |  6.2
Throwing       | 1 |  1.1
Dodging        | 3 4 |  4.3
Stealth        | 2 |  2.9
Evocations     | 1 |  1.2
Shields        | 1 |  1.6

Action                   |  1- 3 |  4- 6 |  7- 9 | 10-12 || total
-------------------------+-------+-------+-------+-------++-------
Melee: Dagger            |       |       |       |     1 ||     1
 Fire: Hunting sling     |    87 |   220 |   410 |   207 ||   924
Throw: Tomahawk          |       |     6 |     2 |       ||     8
 Abil: Evoke Blink       |       |       |       |     3 ||     3
Evoke: Wand              |       |       |     7 |       ||     7
  Use: Scroll            |     2 |       |    17 |    13 ||    32
       Potion            |       |       |     6 |     4 ||    10
  Eat: Bread ration      |     1 |       |     3 |     1 ||     5
       Fruit             |       |       |       |     2 ||     2
       Meat ration       |       |       |       |     1 ||     1
Armor: Leather armour    |     5 |    10 |     1 |       ||    16
       Ring mail         |       |       |    40 |    14 ||    54
Dodge: Dodged            |    18 |    64 |    85 |    41 ||   208
Block: Buckler           |       |       |       |     8 ||     8
